 Dungeon Crawl Stone Soup version 0.30.1-11-g7821555f0a (webtiles) character file.

Game seed: 14588775440337858222

315 Cheops the Chiller (level 6, -1/61 HPs)
             Began as a Merfolk Ice Elementalist on Oct 31, 2023.
             Slain by Duvessa
             ... wielding a +0 short sword
              (7 damage)
             ... on level 4 of the Dungeon.
             The game lasted 00:10:40 (3603 turns).

Cheops the Chiller (Merfolk Ice Elementalist)       Turns: 3603, Time: 00:10:40

Health: -1/61      AC: 29    Str: 10    XL:     6   Next: 44%
Magic:  1/10       EV:  2    Int: 15    God:
Gold:   99         SH:  0    Dex: 14    Spells: 4/11 levels left

rFire   . . .        a - +0 trident
rCold   . . .        (no shield)
rNeg    . . .        o - melded +2 leather armour {rC+}
rPois   +            j - melded +0 helmet
rElec   .            q - melded +1 cloak
rCorr   .            (gloves currently unavailable)
SInv    .            (boots currently unavailable)
Will    .....        (no amulet)
Stlth   ++           (no ring)
HPRegen 0.30/turn    (no ring)
MPRegen 0.12/turn

%: no passive effects
@: mighty, ice-armoured, tree-form, freezing walls
A: stationary, stasis, torment immunity, boosted hp, (nimble swimmer 2),
(mertail)
a: no special abilities


You were on level 4 of the Dungeon.
You were a tree.
You visited 1 branch of the dungeon, and saw 4 of its levels.

You collected 309 gold pieces.
You spent 210 gold pieces at shops.

Inventory:

Hand Weapons
 a - a +0 trident (weapon)
 t - a +0 mace of protection
Missiles
 e - 2 throwing nets
Armour
 j - a +0 helmet (melded)
 o - a +2 leather armour of cold resistance (melded)
 q - a +1 cloak (melded)
 x - a +1 robe of fire resistance
Magical Staves
 b - a staff of earth
Wands
 v - a wand of digging (2)
Scrolls
 d - a scroll of identify
 f - 2 scrolls of fog
 i - a scroll of torment
 k - 2 scrolls of teleportation
 l - 3 scrolls of enchant weapon {unknown}
 m - a scroll of magic mapping
 r - a scroll of poison
Potions
 c - 3 potions of curing
 g - a potion of heal wounds
 n - 2 potions of cancellation
 p - a potion of magic
 w - a potion of ambrosia {unknown}


   Skills:
 + Level 4.4 Polearms
 - Level 2.6 Dodging
 - Level 2.1 Stealth
 - Level 3.0 Spellcasting
 * Level 6.7 Ice Magic


You had 4 spell levels left.
You knew the following spells:

 Your Spells              Type           Power      Damage    Failure   Level
a - Freeze                Ice            88%        1d9       1%          1
r - Frozen Ramparts       Ice            44%        1d7       3%          3
A - Ozocubu's Armour      Ice            22%        N/A       3%          3

Your spell library contained the following spells:

 Spells                   Type           Power      Damage    Failure   Level
 Hailstorm                Conj/Ice       12%        3d5       16%         3
 Summon Ice Beast         Ice/Summ       12%        N/A       45%         4
 Stone Arrow              Conj/Erth      4%         3d7       52%         3
 Animate Armour           Summ/Erth      4%         N/A       89%         4
 Lehudib's Crystal Spear  Conj/Erth      1%         10d2      100%        8


Dungeon Overview and Level Annotations

Branches:
Dungeon (4/15)
 Temple: D:4-7

Altars:
Cheibriados
Kikubaaqudgha
Nemelex Xobeh
Ru
Sif Muna

Shops:
D:4 [*?

Annotations:
D:4 Duvessa


Innate Abilities, Weirdness & Mutations

You are a tree.
Your roots penetrate the ground, keeping you stationary.
You cannot be teleported.
You are immune to unholy pain and torment.
Your maximum health is greatly increased.
Your equipment is partially melded.
((You are very nimble when in or above water. (Stealth+, EV+, Speed+++)))
((Your lower body shifts to a powerful aquatic tail in water.))


Message History

The wall freezes Duvessa but does no damage.
Duvessa hits you with a +0 short sword.
The wall freezes Duvessa.
Duvessa completely misses you.
Casting: Freeze (safe; 1% risk of failure)
Confirm with . or Enter, or press ? or * to list all spells.
Aiming: Freeze (safe; 1% risk of failure)
Press: ? - help, Shift-Dir - straight line, f/p - Duvessa
Aim: Duvessa, wielding a +0 short sword and wearing a +0 leather armour (moderately wounded, berserk)
You freeze Duvessa!
Duvessa is moderately wounded.
The wall freezes Duvessa.
Duvessa hits you with a +0 short sword.
* * * LOW HITPOINT WARNING * * *
Casting: Freeze (safe; 1% risk of failure)
Confirm with . or Enter, or press ? or * to list all spells.
Aiming: Freeze (safe; 1% risk of failure)
Press: ? - help, Shift-Dir - straight line, f/p - Duvessa
Aim: Duvessa, wielding a +0 short sword and wearing a +0 leather armour (moderately wounded, berserk)
You freeze Duvessa.
Duvessa is heavily wounded.
The wall freezes Duvessa.
Duvessa hits you with a +0 short sword!
* * * LOW HITPOINT WARNING * * *
The wall freezes Duvessa but does no damage.
Duvessa hits you with a +0 short sword.
* * * LOW HITPOINT WARNING * * *
Casting: Freeze (safe; 1% risk of failure)
Confirm with . or Enter, or press ? or * to list all spells.
You don't have enough magic to cast this spell.
Okay, then.
Really quaff the potion of lignification?
You turn into a tree.
Your +1 cloak melds into your body.
Your +0 helmet melds into your body.
Your +2 leather armour of cold resistance melds into your body.
You feel less resistant to cold.
Your roots penetrate the ground.
The wall freezes Duvessa.
Duvessa hits you but does no damage.
You feel very mighty all of a sudden.
The wall freezes Duvessa but does no damage.
Duvessa hits you with a +0 short sword!
* * * LOW HITPOINT WARNING * * *
The wall freezes Duvessa.
Duvessa hits you with a +0 short sword!
You die...

,...≈###≈..# **********
,#*#§≈≈≈≈#.# *,,,,,,,,*
,**#.#####.# #######.##****,*
,**,#.####.## #........# *,*
,*,**#......######.#####..####*,*
,**,#.####....()..............,,,
,***,** ##.######.##.##...##**,,
,***,* #(# ####.##.#.....##*,,
,,,,,* #.# #.♣e..........e.,,,
***,,* #.# #.####....8...##*,,
*,,** #.# #.***#........#**,,
**,,,** #.# #.**....>...<...,,,
**,,,*,***#.# #.*#..........##*,,
*,*,,,,,,**,* #.....∩......## *,,
**,,**,*,**,**#........#####***,,
**,*,**,**,,,....<.....,,,,),,,,
*,,***,**,****,,,,,,,******,***


You could see Duvessa (berserk).

Vanquished Creatures
  A sky beast (D:4)
  Dowan (D:4)
  Ijyb (D:3)
  An orc wizard (D:4)
  5 adders
  2 worms
  A dart slug (D:1)
  8 orcs
  5 ball pythons
  6 endoplasms
  2 giant cockroaches
  9 goblins
  6 hobgoblins
  A quokka (D:1)
  5 bats
  4 frilled lizards
  7 kobolds
  5 rats
70 creatures vanquished.

Notes
Turn   | Place    | Note
-------+----------+-------------------------------------------
     0 | D:1      | Cheops the Merfolk Ice Elementalist began the quest for the
                  | Orb.
     0 | D:1      | Reached XP level 1. HP: 13/13 MP: 3/3
   202 | D:1      | Reached XP level 2. HP: 18/19 MP: 1/5
   770 | D:2      | Reached XP level 3. HP: 20/24 MP: 2/7
  1205 | D:2      | Reached skill level 1 in Polearms
  1309 | D:2      | Learned a level 3 spell: Frozen Ramparts
  1313 | D:2      | Learned a level 3 spell: Ozocubu's Armour
  1363 | D:2      | Reached skill level 5 in Ice Magic
  1526 | D:2      | Reached XP level 4. HP: 30/30 MP: 6/8
  1630 | D:3      | Found an ancient bone altar of Kikubaaqudgha.
  1639 | D:3      | Found a sacrificial altar of Ru.
  1640 | D:3      | Found a sparkling altar of Nemelex Xobeh.
  1640 | D:3      | Found a snail-covered altar of Cheibriados.
  1711 | D:3      | Noticed Ijyb
  1742 | D:3      | Killed Ijyb
  1907 | D:3      | Found a shimmering blue altar of Sif Muna.
  2251 | D:3      | Reached XP level 5. HP: 35/35 MP: 5/9
  2438 | D:4      | Noticed Duvessa
  2438 | D:4      | Found Urhawuh's Assorted Antiques.
  2439 | D:4      | Noticed Dowan
  2556 | D:4      | Found Hatrur's Magic Scroll Emporium.
  2566 | D:4      | Bought a scroll of identify for 28 gold pieces
  2566 | D:4      | Bought a scroll of identify for 28 gold pieces
  2566 | D:4      | Bought a scroll of fog for 56 gold pieces
  2566 | D:4      | Bought a scroll of teleportation for 42 gold pieces
  2566 | D:4      | Bought a scroll of poison for 56 gold pieces
  2921 | D:4      | Noticed a sky beast
  2926 | D:4      | Killed a sky beast
  2927 | D:4      | Reached skill level 6 in Ice Magic
  2927 | D:4      | Reached XP level 6. HP: 41/41 MP: 0/10
  3249 | D:4      | Killed Dowan
  3553 | D:4      | Found Xalucwao's Armour Boutique.
  3578 | D:4      | Found Urhawuh's Assorted Antiques.
  3603 | D:4      | Slain by Duvessa

Illustrated notes

Levels and vault maps discovered:
D:1:      dpeg_arrival_rooms_b, layout_basic
D:2:      layout_basic
D:3:      layout_rooms, lemuel_coloured_pillars_altar,
          grunt_temple_overflow_open, st_stairs_3, uniq_ijyb
D:4:      layout_loops_ring, serial_shops, kennysheep_mini_moat, shop,
          nicolae_stop_n_shop_1, serial_bayou_ford_a, uniq_duvessa

Skill      XL: |  1  2  3  4  5 |
---------------+----------------+-----
Spellcasting   | 3 |  3.0
Polearms       | 1 3 4 |  4.4
Ice Magic      | 5 6 |  6.7
Dodging        | |  2.6
Stealth        | |  2.1

Action                     |  1- 3 |  4- 6 || total
---------------------------+-------+-------++-------
  Melee: Unarmed           |    18 |       ||    18
         Punch             |     1 |       ||     1
         Mace              |     5 |    21 ||    26
         Trident           |       |     6 ||     6
   Cast: Freeze            |    57 |    57 ||   114
         Frozen Ramparts   |       |    10 ||    10
         Ozocubu's Armour  |       |     3 ||     3
    Use: Potion            |       |     3 ||     3
         Scroll            |       |     6 ||     6
 Armour: Robe              |     8 |    18 ||    26
         Leather armour    |       |    10 ||    10
         Skin              |       |     1 ||     1
  Dodge: Dodged            |    39 |    61 ||   100
